Map: Torri del crepuscolo

Players

NYO - Winner!

  • Race: Zerg Zerg
  • League: Diamond

Alenvil

  • Race: Zerg Zerg
  • League: Diamond

VOD

Have the link to the VOD?

Description

Time

  • Played on: Jan. 24, 2016, 8:13 a.m.
  • Length: 4:47
Show
View Real Time Build Order
Export as new Build Order

NYO Zerg - Winner!

Build Orders: Hatch First 

Get SALT Encoding   

  12  0:01  Drone  
  13  0:09  Drone  
  14  0:18  Overlord  
  14  0:24  Extractor  
  14  0:25  Drone  
  15  0:37  Drone  
  15  0:38  Drone  
  17  0:56  Hatchery  
  16  0:59  Drone  
  17  1:12  Spawning Pool  
  17  1:14  Drone  
  17  1:18  Extractor  
  16  1:19  Drone  
  18  1:25  Drone  
  18  1:30  Drone  
  19  1:39  Drone  
  20  1:49  Overlord  
  20  1:59  Queen  
  22  2:08  Queen  
  22  2:10  Zergling x2  
  22  2:11  Zergling x4  
  27  2:20  Drone  
  27  2:22  Metabolic Boost  
  28  2:24  Zergling x2  
  29  2:33  Overlord  
  29  2:42  Zergling x2  
  29  2:43  Zergling x2  
  31  2:45  Zergling x2  
  32  2:52  Spine Crawler  
  32  2:57  Zergling x2  
  32  3:06  Zergling x4  
  32  3:08  Overlord  
  34  3:18  Zergling x6  
  37  3:20  Zergling x2  
  38  3:27  Baneling Nest  
  38  3:29  Zergling x2  
  38  3:30  Zergling x4  
  40  3:34  Zergling x2  
  41  3:48  Zergling x10  
  46  4:00  Drone x2  
  48  4:03  Zergling x4  
Show
View Real Time Build Order
Export as new Build Order

Alenvil Zerg 

Build Orders: Pool First 

Get SALT Encoding   

  12  0:01  Drone  
  13  0:13  Overlord  
  13  0:18  Drone  
  14  0:25  Extractor  
  14  0:26  Drone  
  15  0:32  Drone  
  16  0:36  Drone  
  16  0:41  Extractor  
  16  0:45  Drone  
  17  0:53  Spawning Pool  
  17  0:56  Drone  
  17  1:21  Drone  
  18  1:27  Hatchery, Drone  
  18  1:33  Overlord  
  18  1:44  Metabolic Boost  
  18  1:53  Zergling x4  
  21  2:01  Zergling x2  
  21  2:03  Queen  
  23  2:15  Baneling Nest  
  23  2:16  Drone  
  23  2:25  Zergling x2  
  24  2:33  Drone  
  25  2:40  Queen  
  25  2:41  Drone  
  28  2:48  Drone  
  29  2:56  Drone x2  
  31  3:01  Drone  
  31  3:02  Spine Crawler  
  31  3:05  Evolution Chamber  
  30  3:06  Drone  
  31  3:13  Drone  
  32  3:21  Drone x3  
  32  3:23  Overlord  
  32  3:25  Drone  
  36  3:35  Overlord  
  36  3:50  Overlord  
  36  3:54  Drone  
  36  3:55  Drone x4  
  41  3:57  Baneling x3  
  41  3:58  Zergling x2  
  41  3:59  Zergling x2  
  43  4:07  Drone  
  43  4:09  Overlord  
  44  4:10  Drone, Extractor  
Tags
 
Add a new tag
Caveats
  • Supply blocks, unpowered buildings, or Contaminate may cause inaccurate times.
  • Supply counts are checked every 10 seconds.